 Dungeon Sprint DCSS version 0.30.1-11-g7821555f0a (webtiles) character file.

Game seed: 14523855264201173232

636 Groucho the Unseen (level 7, -16/36 HPs)
             Began as a Spriggan Enchanter on Dec 9, 2023.
             Demolished by a boulder beetle (19 damage)
             ... in the Dungeon (Sprint II: "The Violet Keep of Menkaure").
             The game lasted 00:02:32 (116 turns).

Groucho the Unseen (Spriggan Enchanter)              Turns: 116, Time: 00:02:33

Health: -16/36     AC:  2    Str:  4    XL:     7   Next: 25%
Magic:  6/14       EV: 17    Int: 18    God:
Gold:   729        SH:  0    Dex: 16    Spells: 3/14 levels left

rFire   . . .        a - +1 dagger
rCold   . . .        (no shield)
rNeg    . . .        b - +0 robe
rPois   .            (helmet restricted)
rElec   .            (no cloak)
rCorr   .            (gloves unavailable)
SInv    +            (boots unavailable)
Will    +....        (no amulet)
Stlth   ++++++       (no ring)
HPRegen 0.26/turn    (no ring)
MPRegen 0.14/turn

%: no teleportation
@: confusing by touch, very quick
A: very small, no large weapons, unfitting armour, see invisible, speed 3
a: no special abilities


You were in the Dungeon.
You visited 1 branch You collected 729 gold pieces.

Inventory:

Hand Weapons
 a - a +1 dagger (weapon)
Armour
 b - a +0 robe (worn)
Scrolls
 i - a scroll of blinking
Potions
 c - a potion of invisibility
 d - a potion of curing
 e - a potion of heal wounds
 g - 2 potions of magic
 h - a potion of berserk rage


   Skills:
 - Level 3.0 Fighting
 - Level 5.0 Short Blades
 - Level 3.0 Dodging
 - Level 15.0 Stealth
 + Level 4.0 Spellcasting
 + Level 0.0 Conjurations
 + Level 13.3 Hexes


You had 3 spell levels left.
You knew the following spells:

 Your Spells              Type           Power      Damage    Failure   Level
a - Ensorcelled Hibernat  Hex/Ice        54%        N/A       1%          2
b - Confusing Touch       Hex            51%        N/A       1%          3
c - Dazzling Flash        Conj/Hex       54%        N/A       2%          3
d - Tukima's Dance        Hex            51%        N/A       1%          3

Your spell library contained the following spells:

 Spells                   Type           Power      Damage    Failure   Level


Dungeon Overview and Level Annotations

Branches:
Dungeon (1/1)

Altars:


Innate Abilities, Weirdness & Mutations

You are very small and have problems with some larger weapons.
You are too small for most types of armour.
You have supernaturally acute eyesight. (SInv)
You cover ground extremely quickly. (Speed+++)


Message History

Aiming: Ensorcelled Hibernation (safe; 1% risk of failure)
Press: ? - help, Shift-Dir - straight line, f - boulder beetle
Aim: a boulder beetle (chance to affect: 40%)
The boulder beetle resists with some effort.
The boulder beetle closely misses you.
Casting: Ensorcelled Hibernation (safe; 1% risk of failure)
Confirm with . or Enter, or press ? or * to list all spells.
Aiming: Ensorcelled Hibernation (safe; 1% risk of failure)
Press: ? - help, Shift-Dir - straight line, f/p - boulder beetle
Aim: a boulder beetle (chance to affect: 40%)
The boulder beetle looks drowsy...
The helpless boulder beetle fails to defend itself.
You stick the boulder beetle like a pincushion!!!!
The boulder beetle is almost dead.
The boulder beetle leaps!
There is an open door here.
You hit the boulder beetle but do no damage.
The boulder beetle is almost dead.
The boulder beetle leaps!
Unknown command.
Unknown command.
As you close the door, it creaks loudly!
Casting: Ensorcelled Hibernation (safe; 1% risk of failure)
Confirm with . or Enter, or press ? or * to list all spells.
Your hands begin to glow red.
You open the door.
The boulder beetle curls into a ball and begins rolling!
You close the door.
You start resting.
Your hands stop glowing.
You open the door.
The boulder beetle leaps!
Casting: Confusing Touch (safe; 1% risk of failure)
Confirm with . or Enter, or press ? or * to list all spells.
Your hands begin to glow red.
The boulder beetle bites you!!
Ouch! That really hurt!
* * * LOW HITPOINT WARNING * * *
You hit the boulder beetle but do no damage.
The boulder beetle bites you!!
Ouch! That really hurt!
You die...

... #'#
####.##
#..##.#
####...##
##.###'##
#...##.####
+##†'.<.'.##+
#††.##@##...#
##.###B###†##
####B#.# ##
#.. ..# ##.
.## ## ##


You could see 2 boulder beetles.

Vanquished Creatures
  3 neqoxecs (D)
  4 necrophages (D)
  2 worms (D)
9 creatures vanquished.

Notes
Turn   | Place    | Note
-------+----------+-------------------------------------------
     0 | D        | Groucho the Spriggan Enchanter began the quest for the Orb.
     0 | D        | Reached XP level 1. HP: 9/9 MP: 5/5
     3 | D        | Noticed a neqoxec
     3 | D        | Noticed a neqoxec
     3 | D        | Noticed a neqoxec
     3 | D        | Noticed a neqoxec
    12 | D        | Reached skill level 1 in Fighting
    12 | D        | Reached skill level 5 in Stealth
    17 | D        | Noticed a boulder beetle
    17 | D        | Noticed a boulder beetle
    20 | D        | Noticed a necrophage
    20 | D        | Noticed a necrophage
    20 | D        | Noticed a necrophage
    20 | D        | Noticed a necrophage
    27 | D        | Killed a necrophage
    28 | D        | Reached skill level 7 in Stealth
    28 | D        | Reached skill level 5 in Hexes
    28 | D        | Reached XP level 2. HP: 16/16 MP: 6/8
    28 | D        | Reached XP level 3. HP: 19/19 MP: 6/9
    28 | D        | Reached XP level 4. HP: 23/23 MP: 7/11
    33 | D        | Killed a necrophage
    34 | D        | Reached skill level 5 in Short Blades
    34 | D        | Reached skill level 11 in Stealth
    36 | D        | Killed a necrophage
    37 | D        | Reached skill level 14 in Stealth
    37 | D        | Reached XP level 5. HP: 26/28 MP: 7/12
    40 | D        | Reached skill level 15 in Stealth
    51 | D        | Killed a neqoxec
    52 | D        | Reached skill level 10 in Hexes
    52 | D        | Reached XP level 6. HP: 23/32 MP: 8/13
    59 | D        | Killed a neqoxec
    60 | D        | Reached XP level 7. HP: 12/36 MP: 9/14
    63 | D        | Killed a neqoxec
    80 | D        | Learned a level 2 spell: Ensorcelled Hibernation
    84 | D        | Learned a level 3 spell: Confusing Touch
    88 | D        | Learned a level 3 spell: Dazzling Flash
    92 | D        | Learned a level 3 spell: Tukima's Dance
   116 | D        | Demolished by a boulder beetle

Illustrated notes

Levels and vault maps discovered:
D:        the_violet_keep_of_menkaure [sprint2_stairs_cluster_1,
          sprint2_shoproom, sprint2_temple, sprint2_basic_supplies,
          sprint2_obstacle_4, sprint2_obstacle_6, sprint2_obstacle_1,
          sprint2_obstacle_2, sprint2_obstacle_3, sprint2_timed_cluster_1,
          sprint2_smallroom_cluster_1, sprint2_smallroom_final_cluster_1,
          sprint2_transparent_cluster_1, sprint2_second_timed_cluster_1,
          sprint2_sniper_area_1, sprint2_heavy_combat_area_1,
          sprint2_mutation_trap_area_1, sprint2_forest_area_1,
          sprint2_light_combat_area_1, sprint2_behind_water_1,
          sprint2_near_end_vault_1]

Skill      XL: |  1  2  3  4  5  6  7 |
---------------+----------------------+-----
Dodging        | 3 |  3.0
Spellcasting   | 4 |  4.0
Hexes          | 5 10 12 13 | 13.3
Fighting       | 2 3 |  3.0
Short Blades   | 4 5 |  5.0
Stealth        | 7 14 15 | 15.0

Action                     |  1- 3 |  4- 6 |  7- 9 || total
---------------------------+-------+-------+-------++-------
  Melee: Dagger            |     7 |    20 |     7 ||    34
   Cast: Confusing Touch   |       |       |     2 ||     2
         Ensorcelled Hiber |       |       |     2 ||     2
    Use: Potion            |     2 |       |       ||     2
   Stab: Sleeping          |     4 |     1 |     1 ||     6
         Invisible         |     1 |     4 |     2 ||     7
  Dodge: Dodged            |     3 |     6 |     4 ||    13
